 Dungeon Crawl Stone Soup version 0.31.0-32-g396128a36d (webtiles) character file.

Game seed: 17097564698957449031

19079 concernfroge the Spear-Bearer (level 12, -2/142 HPs)
             Began as a Gnoll Reaver on Apr 20, 2024.
             Was an Elder of Vehumet.
             Slain by a cane toad (16 damage)
             ... on level 1 of the Lair of Beasts.
             The game lasted 01:23:06 (14327 turns).

concernfroge the Spear-Bearer (Gnoll Reaver)       Turns: 14327, Time: 01:23:07

Health: -2/142     AC: 13    Str: 12    XL:     12   Next: 65%
Magic:  4/25       EV: 13    Int: 26    God:    Vehumet [****..]
Gold:   1222       SH: 10    Dex: 11    Spells: 1/29 levels left

rFire   + + .        a - +5 morningstar
rCold   + + .        h - +0 kite shield
rNeg    . . .        p - +0 steam dragon scales
rPois   +            X - +0 helmet {Int+3}
rElec   +            j - +0 cloak
rCorr   +            T - +0 pair of gloves
SInv    .            i - +1 pair of boots of Gehenna {rElec rF++ Str-4 Dex+2}
Will    .....        E - amulet "Yxtangoj" {RegenMP Int+4 Dex-2} Stlth
                     l - +6 ring of intelligence
HPRegen 0.43/turn    s - ring of ice
MPRegen 0.59/turn

%: no passive effects
@: berserking, resistant, very quick
A: fangs 1, strong nose, distributed training
a: Renounce Religion


You were on level 1 of the Lair of Beasts.
You worshipped Vehumet.
Vehumet was greatly pleased with you.
You visited 2 branches of the dungeon, and saw 12 of its levels.

You collected 1222 gold pieces.

Inventory:

Hand Weapons
 a - a +5 morningstar (weapon)
 b - a +1 war axe of electrocution
Missiles
 c - 9 atropa-tipped darts
 r - a throwing net
 t - 11 poisoned darts
 B - 10 boomerangs (quivered)
 D - 6 javelins
 F - 4 darts of dispersal
 L - 5 datura-tipped darts
Armour
 h - a +0 kite shield (worn)
 i - the +1 pair of boots of Gehenna (worn) {rElec rF++ Str-4 Dex+2}
   (You acquired it on level 5 of the Dungeon)

   Str-4:     It affects your strength (-4).
   Dex+2:     It affects your dexterity (+2).
   rF++:      It greatly protects you from fire.
   rElec:     It insulates you from electricity.
 j - a +0 cloak (worn)
 p - +0 steam dragon scales (worn)
 T - a +0 pair of gloves (worn)
 X - a +0 helmet of intelligence (worn)
Jewellery
 l - a +6 ring of intelligence (left hand)
 s - a ring of ice (right hand)
 v - a ring of willpower
 E - the amulet "Yxtangoj" (around neck) {RegenMP Int+4 Dex-2}
   (You found it on level 5 of the Dungeon)

   [amulet of magic regeneration]

   RegenMP:   It increases your rate of magic regeneration.
   Int+4:     It affects your intelligence (+4).
   Dex-2:     It affects your dexterity (-2).
 M - an amulet of regeneration
 Q - a ring of positive energy
 R - a ring of resist corrosion
 S - a +4 ring of protection
Wands
 o - a wand of paralysis (1)
 y - a wand of iceblast (12)
 N - a wand of mindburst (23)
Scrolls
 e - a scroll of brand weapon {unknown}
 f - 4 scrolls of amnesia
 k - a scroll of silence {unknown}
 m - 4 scrolls of poison
 u - 2 scrolls of fog {unknown}
 w - a scroll of enchant armour {unknown}
 x - 5 scrolls of teleportation
 A - 2 scrolls of blinking
 C - a scroll of revelation {unknown}
 G - 3 scrolls of immolation {unknown}
 I - 3 scrolls of vulnerability {unknown}
 O - 2 scrolls of fear {unknown}
 P - 2 scrolls of noise {unknown}
 W - 2 scrolls of identify
Potions
 d - 3 potions of attraction
 g - 2 potions of haste
 n - 4 potions of curing
 q - 2 potions of mutation
 z - 3 potions of might
Miscellaneous
 H - a phantom mirror
 J - a condenser vane
 U - a sack of spiders


   Skills:
 + Level 9.1 Fighting
 + Level 7.8 Short Blades
 + Level 7.8 Long Blades
 + Level 7.8 Axes
 + Level 7.8 Maces & Flails
 + Level 10.2 Polearms
 + Level 7.8 Staves
 + Level 7.8 Ranged Weapons
 + Level 7.8 Throwing
 + Level 7.8 Armour
 + Level 9.1 Dodging
 + Level 7.8 Stealth
 + Level 7.8 Shields
 + Level 7.8 Unarmed Combat
 + Level 9.3 Spellcasting
 + Level 8.5 Conjurations
 + Level 6.4 Hexes
 + Level 6.4 Summonings
 + Level 6.4 Necromancy
 + Level 6.4 Translocations
 + Level 6.4 Fire Magic
 + Level 6.4 Ice Magic
 + Level 6.4 Air Magic
 + Level 6.4 Earth Magic
 + Level 6.4 Alchemy
 + Level 8.5 Invocations
 + Level 7.8 Evocations
 + Level 7.1 Shapeshifting


You had one spell level left.
You knew the following spells:

 Your Spells              Type           Power      Damage    Failure   Level
a - Kiss of Death         Conj/Necr      100%       2d13      1%          1
b - Static Discharge      Conj/Air       100%       3-8/arc   1%          2
c - Blink                 Tloc           90%        N/A       1%          2
d - Scorch                Fire           90%        2d8       1%          2
e - Freeze                Ice            100%       1d10      1%          1
f - Mercury Vapours       Alch/Air       90%        N/A       1%          2
g - Summon Lightning Spi  Summ/Air       45%        N/A       10%         4
h - Flame Wave            Conj/Fire      50%        2d12      1%          4
i - Airstrike             Air            22%        2d(4-20)  2%          4
j - Mephitic Cloud        Conj/Alch/Air  49%        N/A       1%          3
k - Swiftness             Air            45%        N/A       3%          3

Your spell library contained the following spells:

 Spells                   Type           Power      Damage    Failure   Level
 Lee's Rapid Deconstruct  Erth           22%        3d13*     8%          5
 Shock                    Conj/Air       100%       1d9       1%          1
 Lesser Beckoning         Tloc           90%        N/A       1%          2
 Momentum Strike          Conj/Tloc      100%       3d10      1%          2
 Hailstorm                Conj/Ice       67%        3d12      1%          3
 Gell's Gravitas          Tloc           45%        N/A       3%          3
 Teleport Other           Tloc           45%        N/A       3%          3
 Freezing Cloud           Conj/Ice/Air   32%        6-21      5%          5
 Animate Dead             Necr           45%        N/A       10%         4
 Passage of Golubria      Tloc           45%        N/A       10%         4
 Silence                  Hex/Air        22%        N/A       28%         5
 Summon Cactus Giant      Summ           22%        N/A       83%         6
 Haunt                    Necr/Summ      22%        N/A       100%        7
 Borgnjor's Revivificati  Necr           22%        N/A       100%        8
 Infestation              Necr           22%        N/A       100%        8
 Lehudib's Crystal Spear  Conj/Erth      25%        10d7      100%        8
 Death's Door             Necr           22%        N/A       100%        9


Dungeon Overview and Level Annotations

Branches:
Dungeon (11/15)            Temple (0/1) D:4            Lair (1/5) D:11
    Orc (0/2) D:10

Altars:
Dithmenos
Fedhas
Hepliaklqana
Nemelex Xobeh
Okawaru
Ru
Sif Muna
Uskayaw
Vehumet
Zin

Shops:
D:1 :

Annotations:
D:3 exclusion: downstairs


Innate Abilities, Weirdness & Mutations

You have very sharp teeth.
Your uncanny sense of smell can sniff out nearby items.
Your experience applies equally to all skills.


Message History

A wave of flame ripples out!
The flame wave engulfs the elephant!
The elephant is burned terribly!
The elephant is severely wounded.
The flame wave engulfs the bush!
The bush is on fire!
The bush is heavily damaged.
The bush is engulfed in blazing flames.
The elephant closely misses you. The elephant trunk-slaps you.
* * * LOW HITPOINT WARNING * * *
A wave of flame ripples out!
The flame wave engulfs the elephant!!
The elephant is burned terribly!
The elephant is almost dead.
The flame wave engulfs the bush!!
The bush is on fire!
The bush is almost destroyed.
The flame wave engulfs the blink frog!!
The blink frog is burned terribly!
You kill the blink frog!
Vehumet accepts your kill.
You feel your power returning.
The elephant is no longer more vulnerable to fire.
You block the elephant's attack. The elephant misses you.
A wave of flame ripples out!
The flame wave engulfs the elephant!
You kill the elephant!
Vehumet accepts your kill.
The flame wave engulfs the bush but does no damage.
The bush is almost destroyed.
The flame wave engulfs the cane toad!
The cane toad is moderately wounded.
You finish channelling waves of flame.
The bush is engulfed in blazing flames.
The bush is engulfed in blazing flames.
You feel protected. The cane toad stings you!
* * * LOW HITPOINT WARNING * * *
A red film seems to cover your vision as you go berserk!
You feel yourself moving faster!
You feel mighty!
The bush is engulfed in blazing flames.
You destroy the bush!
The cane toad closely misses you.
You hit the cane toad.
The cane toad is heavily wounded.
The cane toad stings you!
You die...

##...(....#.....#. #.
....#.##.....#... #.#
.#.#.##.#.#.#.#. #.#
.# #... #....... #.#
#....# .#...# #...#...
#.#......##.#
.#...##.....#.#.
...#...#F##.##.# ...#
#...#.....
.....#...##.##.##...#
#.#.P...#.
.#.#.#...##.P#.F@...#
# #.....#.
.....#..F##.##†#§.#.#
#.#.P.#†
#...#...l..#††#..#
∆∆#...#.#.
#?#.#...#..†..##.#∆
..#. #.
.#...F...F#.##.#..# #.
... #.
.#.......##†##....#...
∆ ..
.....#...##.##......#
..
...#......#.P#......#∆
..
.....#F......#......#
∆#.


You could see a cane toad.

Vanquished Creatures
  3 two-headed ogres
  A boulder beetle (D:11)
  An ugly thing (D:11)
  Maurice (D:10)
  4 elephants (Lair:1)
  2 komodo dragons (Lair:1)
  2 nameless horrors
  10 blink frogs (Lair:1)
  A shadow (D:11)
  A wraith (D:10)
  10 yaks
  A steam dragon (D:8)
  2 vampire mosquitoes (D:11)
  3 water moccasins
  An ice beast (D:5)
  4 orc warriors
  2 sky beasts (D:7)
  2 centaurs
  2 ogres (D:5)
  2 boggarts
  A phantom (D:6)
  Blork the orc (D:6)
  5 bullfrogs
  A gnoll sergeant (D:5)
  2 scorpions
  20 wights
  12 killer bees
  5 howler monkeys
  A bombardier beetle (D:6)
  3 hounds
  A gnoll bouda (D:5)
  A jelly (D:6)
  6 orc priests
  Jessica (D:2)
  Ijyb (D:4)
  Natasha (thrice) (D:2)
  3 iguanas
  6 orc wizards
  2 sleepcaps
  Robin (D:4)
  13 gnolls
  4 adders
  5 shadow imps
  5 white imps (D:6)
  2 ufetubi (D:5)
  2 dart slugs (D:1)
  2 ribbon worms (D:2)
  32 orcs
  8 bats
  8 endoplasms
  3 giant cockroaches
  7 goblins
  13 hobgoblins
  4 jackals
  6 quokkas
  7 ball pythons
  5 frilled lizards
  8 kobolds
  7 rats
272 creatures vanquished.

Vanquished Creatures (collateral kills)
  A two-headed ogre (D:11)
  A cyclops (D:11)
  An elephant (D:11)
  2 cane toads (Lair:1)
  3 komodo dragons
  A kobold demonologist (D:11)
  A troll (D:11)
  2 blink frogs (Lair:1)
  A wraith (D:11)
  6 yaks
  A vampire mosquito (D:11)
  2 water moccasins (Lair:1)
  A black bear (D:11)
  A gnoll sergeant (D:9)
  4 wights
  3 orc wizards
  4 gnolls (D:9)
  2 orcs
37 creatures vanquished.

Grand Total: 309 creatures vanquished

Notes
Turn   | Place    | Note
-------+----------+-------------------------------------------
     0 | D:1      | concernfroge the Gnoll Reaver began the quest for the Orb.
     0 | D:1      | Reached XP level 1. HP: 20/20 MP: 6/6
   207 | D:1      | Reached XP level 2. HP: 26/26 MP: 7/7
   454 | D:1      | Reached skill level 5 in Spellcasting
   454 | D:1      | Reached XP level 3. HP: 31/31 MP: 7/9
   481 | D:1      | Found Paotes's Book Emporium.
   754 | D:1      | Reached skill level 1 in Invocations
   954 | D:2      | Reached skill level 1 in Short Blades
   954 | D:2      | Reached skill level 1 in Long Blades
   954 | D:2      | Reached skill level 1 in Axes
   954 | D:2      | Reached skill level 1 in Maces & Flails
   954 | D:2      | Reached skill level 1 in Staves
   954 | D:2      | Reached skill level 1 in Ranged Weapons
   954 | D:2      | Reached skill level 1 in Throwing
   954 | D:2      | Reached skill level 1 in Armour
   954 | D:2      | Reached skill level 1 in Stealth
   954 | D:2      | Reached skill level 1 in Shields
   954 | D:2      | Reached skill level 1 in Unarmed Combat
   954 | D:2      | Reached skill level 1 in Evocations
  1046 | D:2      | Reached skill level 1 in Shapeshifting
  1046 | D:2      | Reached XP level 4. HP: 38/38 MP: 11/11
  1065 | D:2      | Noticed Natasha
  1078 | D:2      | Killed Natasha
  1079 | D:2      | Reached skill level 1 in Hexes
  1079 | D:2      | Reached skill level 1 in Summonings
  1079 | D:2      | Reached skill level 1 in Necromancy
  1079 | D:2      | Reached skill level 1 in Translocations
  1079 | D:2      | Reached skill level 1 in Fire Magic
  1079 | D:2      | Reached skill level 1 in Ice Magic
  1079 | D:2      | Reached skill level 1 in Air Magic
  1079 | D:2      | Reached skill level 1 in Earth Magic
  1079 | D:2      | Reached skill level 1 in Alchemy
  1544 | D:2      | Noticed Natasha
  1553 | D:2      | Killed Natasha
  1554 | D:2      | Reached XP level 5. HP: 27/43 MP: 12/12
  1737 | D:2      | Noticed Jessica
  1746 | D:2      | Killed Jessica
  1938 | D:2      | Noticed Natasha
  1942 | D:2      | Killed Natasha
  1997 | D:2      | Reached XP level 6. HP: 50/50 MP: 13/13
  2554 | D:3      | Reached skill level 5 in Fighting
  2554 | D:3      | Reached skill level 5 in Dodging
  2939 | D:3      | Found a faded altar of an unknown god.
  2940 | D:3      | Noticed an eye of devastation
  2942 | D:3      | Noticed a great orb of eyes
  2951 | D:3      | Noticed an eye of devastation
  3070 | D:3      | Noticed an eye of devastation
  3174 | D:4      | Noticed Robin
  3243 | D:4      | Found a staircase to the Ecumenical Temple.
  3244 | D:4      | Found a blossoming altar of Fedhas.
  3389 | D:4      | Noticed Ijyb
  3401 | D:4      | Paralysed by Ijyb for 4 turns
  3410 | D:4      | Killed Ijyb
  3446 | D:4      | Killed Robin
  3516 | D:4      | Learned a level 2 spell: Static Discharge
  4205 | D:4      | Found a shimmering blue altar of Sif Muna.
  4208 | D:4      | Found a radiant altar of Vehumet.
  4222 | D:4      | Became a worshipper of Vehumet
  4439 | D:5      | Entered Level 5 of the Dungeon
  4556 | D:5      | Reached XP level 7. HP: 56/56 MP: 15/15
  4570 | D:5      | Reached skill level 7 in Polearms
  4706 | D:5      | Learned a level 2 spell: Blink
  4781 | D:5      | Identified the +3 rapier "Beastbane" {flame, rN+ Int+3}
  4839 | D:5      | Identified 2 scrolls of acquirement
  4997 | D:5      | Acquired the +1 pair of boots of Gehenna {rElec rF++ Str-4
                  | Dex+2}
  5382 | D:5      | Reached XP level 8. HP: 63/63 MP: 16/16
  5854 | D:5      | Identified the amulet "Yxtangoj" {RegenMP Int+4 Dex-2}
  6044 | D:5      | Learned a level 2 spell: Scorch
  6808 | D:6      | Noticed Blork the orc
  6813 | D:6      | Killed Blork the orc
  6814 | D:6      | Reached XP level 9. HP: 58/63 MP: 18/18
  7022 | D:6      | Reached * piety under Vehumet
  7022 | D:6      | Offered knowledge of Freeze by Vehumet.
  7499 | D:7      | Reached skill level 8 in Polearms
  7608 | D:7      | Learned a level 1 spell: Freeze
  7647 | D:7      | Found an iron altar of Okawaru.
  7670 | D:7      | Reached skill level 5 in Invocations
  7926 | D:7      | Noticed a two-headed ogre
  7926 | D:7      | Noticed a two-headed ogre
  7932 | D:7      | Learned a level 2 spell: Mercury Vapours
  7943 | D:7      | Killed a two-headed ogre
  7953 | D:7      | Killed a two-headed ogre
  7954 | D:7      | Reached skill level 5 in Short Blades
  7954 | D:7      | Reached skill level 5 in Long Blades
  7954 | D:7      | Reached skill level 5 in Axes
  7954 | D:7      | Reached skill level 5 in Maces & Flails
  7954 | D:7      | Reached skill level 5 in Staves
  7954 | D:7      | Reached skill level 5 in Ranged Weapons
  7954 | D:7      | Reached skill level 5 in Throwing
  7954 | D:7      | Reached skill level 5 in Armour
  7954 | D:7      | Reached skill level 5 in Stealth
  7954 | D:7      | Reached skill level 5 in Shields
  7954 | D:7      | Reached skill level 5 in Unarmed Combat
  7954 | D:7      | Reached skill level 5 in Evocations
  7954 | D:7      | Reached XP level 10. HP: 51/79 MP: 20/20
  8190 | D:8      | Learned a level 4 spell: Summon Lightning Spire
  8793 | D:8      | Offered knowledge of Searing Ray by Vehumet.
  8807 | D:8      | Reached skill level 5 in Shapeshifting
  8973 | D:8      | Noticed a nameless horror
  8980 | D:8      | Killed a nameless horror
  9208 | D:8      | Reached ** piety under Vehumet
  9940 | D:9      | Acquired 616 gold pieces
 10207 | D:9      | Reached skill level 9 in Polearms
 10383 | D:9      | Reached skill level 5 in Hexes
 10383 | D:9      | Reached skill level 5 in Summonings
 10383 | D:9      | Reached skill level 5 in Necromancy
 10383 | D:9      | Reached skill level 5 in Translocations
 10383 | D:9      | Reached skill level 5 in Fire Magic
 10383 | D:9      | Reached skill level 5 in Ice Magic
 10383 | D:9      | Reached skill level 5 in Air Magic
 10383 | D:9      | Reached skill level 5 in Earth Magic
 10383 | D:9      | Reached skill level 5 in Alchemy
 10383 | D:9      | Reached XP level 11. HP: 53/85 MP: 22/22
 10590 | D:9      | Learned a level 4 spell: Flame Wave
 10595 | D:9      | Learned a level 4 spell: Airstrike
 10760 | D:9      | Offered knowledge of Inner Flame by Vehumet.
 10880 | D:9      | Reached *** piety under Vehumet
 11365 | D:9      | Learned a level 3 spell: Mephitic Cloud
 11374 | D:10     | Entered Level 10 of the Dungeon
 11434 | D:10     | Found a hazy altar of Hepliaklqana.
 11466 | D:10     | Found a staircase to the Orcish Mines.
 11991 | D:10     | Found a hide-covered altar of Uskayaw.
 11993 | D:10     | Found a shadowy altar of Dithmenos.
 11993 | D:10     | Found a sparkling altar of Nemelex Xobeh.
 11994 | D:10     | Found a glowing silver altar of Zin.
 12005 | D:10     | Offered knowledge of Ignite Poison by Vehumet.
 12009 | D:10     | Noticed Maurice
 12018 | D:10     | Killed Maurice
 12470 | D:11     | Noticed a two-headed ogre
 12482 | D:11     | Killed a two-headed ogre
 12690 | D:11     | Noticed a two-headed ogre
 12863 | D:11     | Noticed a cyclops
 12883 | D:11     | Killed a cyclops
 12923 | D:11     | Killed a two-headed ogre
 13016 | D:11     | Found a sacrificial altar of Ru.
 13138 | D:11     | Noticed a boulder beetle
 13154 | D:11     | Killed a boulder beetle
 13213 | D:11     | Noticed a purple ugly thing
 13221 | D:11     | Killed a purple ugly thing
 13306 | D:11     | Found a staircase to the Lair.
 13314 | D:11     | Reached XP level 12. HP: 86/94 MP: 12/24
 13576 | Lair:1   | Entered Level 1 of the Lair of Beasts
 13807 | Lair:1   | Reached **** piety under Vehumet
 13972 | Lair:1   | Learned a level 3 spell: Swiftness
 14176 | Lair:1   | Reached skill level 10 in Polearms
 14219 | Lair:1   | Identified the +1 robe of Blue Leaves {Harm rElec rC+}
 14286 | Lair:1   | Offered knowledge of Lee's Rapid Deconstruction by Vehumet.
 14327 | Lair:1   | Slain by a cane toad

Illustrated notes

Levels and vault maps discovered:
D:1:      amcnicky_arrival_choice, layout_basic, serial_shops, shop,
          minmay_misc_feat_nine_boxes, bh_walls_and_bars
D:2:      layout_basic, grunt_ministairs_4, minmay_tetromino_t4, uniq_jessica,
          uniq_natasha
D:3:      cheibrodos_helix_gallery, layout_loops_ring,
          hellmonk_ecumenical_altar_watching_god
D:4:      layout_layer_cave, mainiacjoe_overflow_cross_hatched,
          nicolae_overflow_squiral, temple_statues, fountainhead,
          nicolae_goblin_pals
D:5:      minmay_clustersquares, layout_basic, nicolae_hexahallways
D:6:      layout_cave_pools, serial_library, serial_library_hellmonk_junction,
          serial_library_hellmonk_long_bookcase,
          serial_library_regret_index_headful,
          serial_library_hellmonk_angled_corner,
          serial_library_hellmonk_long_bookcase, st_stairs_3, uniq_blork_the_orc
D:7:      layout_rooms, nicolae_overflow_crystal_walls,
          nicolae_phantomly_mirrored
D:8:      layout_loops_cross, amcnicky_mini_pool_small
D:9:      layout_stronghold, minmay_misc_feat_four_crosses, dk_vineyard_2,
          chequers_serial_rivers_micro_c
D:10:     layout_long_grid, grunt_temple_overflow_open, orc_0_dummy,
          minivault_10, uniq_maurice
D:11:     layout_irregular_city, grunt_lair_entry_orc_guard_hut,
          nicolae_ru_path_of_blood
Lair:1:   layout_long_grid

Skill      XL: |  1  2  3  4  5  6  7  8  9 10 11 12 |
---------------+-------------------------------------+-----
Spellcasting   | 5 6 7 8 9 |  9.3
Invocations    | 1 2 3 4 5 6 7 8 |  8.5
Short Blades   | 1 2 3 4 5 6 7 |  7.8
Long Blades    | 1 2 3 4 5 6 7 |  7.8
Axes           | 1 2 3 4 5 6 7 |  7.8
Maces & Flails | 1 2 3 4 5 6 7 |  7.8
Staves         | 1 2 3 4 5 6 7 |  7.8
Ranged Weapons | 1 2 3 4 5 6 7 |  7.8
Throwing       | 1 2 3 4 5 6 7 |  7.8
Armour         | 1 2 3 4 5 6 7 |  7.8
Stealth        | 1 2 3 4 5 6 7 |  7.8
Shields        | 1 2 3 4 5 6 7 |  7.8
Unarmed Combat | 1 2 3 4 5 6 7 |  7.8
Evocations     | 1 2 3 4 5 6 7 |  7.8
Shapeshifting  | 1 2 3 4 5 6 7 |  7.1
Hexes          | 1 2 3 4 5 6 |  6.4
Summonings     | 1 2 3 4 5 6 |  6.4
Necromancy     | 1 2 3 4 5 6 |  6.4
Translocations | 1 2 3 4 5 6 |  6.4
Fire Magic     | 1 2 3 4 5 6 |  6.4
Ice Magic      | 1 2 3 4 5 6 |  6.4
Air Magic      | 1 2 3 4 5 6 |  6.4
Earth Magic    | 1 2 3 4 5 6 |  6.4
Alchemy        | 1 2 3 4 5 6 |  6.4
Fighting       | 5 6 7 8 9 |  9.1
Dodging        | 5 6 7 8 9 |  9.1
Polearms       | 7 8 9 10 | 10.2
Conjurations   | 6 7 8 |  8.5

Action                     |  1- 3 |  4- 6 |  7- 9 | 10-12 || total
---------------------------+-------+-------+-------+-------++-------
  Melee: Spear             |   106 |   247 |    39 |       ||   392
         Bite              |     5 |    18 |    24 |    42 ||    89
         Punch             |       |     6 |     5 |     6 ||    17
         Rapier            |       |       |   188 |       ||   188
         Morningstar       |       |       |    29 |   286 ||   315
         Hand axe          |       |       |       |    16 ||    16
   Fire: Orcbow            |    26 |     9 |       |       ||    35
  Throw: Dart              |       |    16 |    16 |     6 ||    38
         Boomerang         |       |       |     3 |     4 ||     7
   Cast: Kiss of Death     |       |     1 |     2 |       ||     3
         Static Discharge  |       |       |    14 |    16 ||    30
         Blink             |       |       |     1 |     4 ||     5
         Scorch            |       |       |     1 |     5 ||     6
         Summon Lightning  |       |       |       |    31 ||    31
         Airstrike         |       |       |       |    26 ||    26
         Mephitic Cloud    |       |       |       |    18 ||    18
         Flame Wave        |       |       |       |    10 ||    10
         Mercury Vapours   |       |       |       |     2 ||     2
  Evoke: Wand              |       |    13 |     4 |     1 ||    18
         Phantom mirror    |       |       |       |     1 ||     1
    Use: Scroll            |       |       |     7 |     7 ||    14
         Potion            |       |       |     7 |     7 ||    14
   Stab: Sleeping          |       |     4 |       |     2 ||     6
         Paralysed         |       |       |     2 |       ||     2
         Distracted        |       |       |       |     2 ||     2
         Confused          |       |       |       |     5 ||     5
 Armour: Ring mail         |    32 |    84 |   188 |    14 ||   318
         Leather armour    |     1 |       |       |       ||     1
         Steam dragon scal |       |       |       |   305 ||   305
  Dodge: Dodged            |    42 |    96 |   138 |   225 ||   501
  Block: Kite shield       |       |       |       |    94 ||    94
